 Dungeon Crawl Stone Soup version 0.31-a0-164-g2312942fda (webtiles) character file.

Game seed: 5106146191955882663

17593 qw the Cleaver (level 12, -3/77 HPs)
             Began as a Gargoyle Fighter on June 13, 2023.
             Was an Elder of Okawaru.
             Slain by a seven-headed hydra (10 damage)
             ... on level 4 of the Lair of Beasts.
             The game lasted 00:05:41 (11263 turns).

qw the Cleaver (Gargoyle Fighter)                  Turns: 11263, Time: 00:05:42

Health: -3/77      AC: 28    Str: 23      XL:     12   Next: 49%
Magic:  16/18      EV:  9    Int: 10 (11) God:    Okawaru [****..]
Gold:   499        SH:  6    Dex:  9      Spells: 11/11 levels left

rFire   . . .        j - +0 flail (heavy)
rCold   + . .        c - +0 buckler
rNeg    + . .        n - +0 plate armour
rPois   inf          e - +0 helmet
rElec   +            t - +0 cloak
rCorr   .            (no gloves)
SInv    .            (no boots)
Will    .....        (no amulet) Stlth
                     a - ring of protection from cold
HPRegen 0.32/turn    (no ring)
MPRegen 0.16/turn

%: no passive effects
@: about to teleport, heroic
A: sickness immunity, AC +8, negative energy resistance 1, electricity
resistance, torment resistance 1, petrification resistance, deterioration 1
a: Renounce Religion, Heroism, Finesse


You were on level 4 of the Lair of Beasts.
You worshipped Okawaru.
Okawaru was greatly pleased with you.
You visited 3 branches of the dungeon, and saw 13 of its levels.

You collected 685 gold pieces.
You spent 186 gold pieces at shops.


Innate Abilities, Weirdness & Mutations

You are immune to sickness and miasma.
Your stone body is resilient. (AC +8)
You are immune to poison.
You resist negative energy. (rN+)
You are resistant to electric shocks. (rElec)
You are resistant to unholy torment.
You are immune to petrification.
Your body sometimes deteriorates upon taking damage.


   Skills:
 - Level 10.1(15.1) Fighting
 + Level 12.6(17.6) Axes
 - Level 9.0(14.0) Armour
 - Level 2.0(7.0) Dodging
 - Level 6.1(11.1) Shields
 + Level 8.6 Invocations


You had 11 spell levels left.
You didn't know any spells.
Your spell library was empty.

Inventory:

Hand Weapons
 j - a +0 heavy flail (weapon)
 Y - a +2 heavy war axe
Armour
 c - a +0 buckler (worn)
 e - a +0 helmet (worn)
 i - a +0 pair of gloves
 n - a +0 plate armour (worn)
 t - a +0 cloak (worn)
Jewellery
 a - a ring of protection from cold (left hand)
 h - an amulet of guardian spirit
Scrolls
 g - a scroll of vulnerability {unknown}
 q - a scroll of identify
Potions
 b - a potion of resistance
 d - 2 potions of might
 f - 2 potions of magic
 k - a potion of lignification
 l - a potion of curing
 m - 3 potions of mutation
 p - 2 potions of cancellation
 r - a potion of berserk rage {unknown}
 s - 2 potions of attraction
 u - a potion of haste {unknown}

Dungeon Overview and Level Annotations

Branches:
Dungeon (8/15)             Temple (1/1) D:7            Lair (4/5) D:8
  Swamp (0/4) Lair:3       Spider (0/4) Lair:3
  Slime: Lair:4-5

Altars:
Ashenzari
Cheibriados
Dithmenos
Elyvilon
Fedhas
Gozag
Hepliaklqana
Kikubaaqudgha
Makhleb
Okawaru
Qazlal
Ru
Trog
Uskayaw
Vehumet
Wu Jian
Xom
Yredelemnul
Zin
The Shining One

Shops:
D:6 *

Annotations:
D:3 1 runed translucent door, Crazy Yiuf
D:6 1 transporter, qw's ghost, novice NaHu
D:8 exclusion: 3 yaks


Message History

Okawaru accepts your kill.
The blink frog blinks! x2
The blink frog blinks!
The blink frog hits you.
The blink frog blinks!
11258 ||| READING 2 scrolls of teleportation.
As you read the scroll of teleportation, it crumbles to dust.
You feel strangely unstable.
You feel like a meek peon again. You block the blink frog's attack.
The blink frog blinks!
You block the blink frog's attack.
11259 ||| INVOKING Heroism.
You gain the combat prowess of a mighty hero.
You can no longer enter into single combat with a foe.
Okawaru will no longer gift you equipment.
The blink frog barely misses you.
You completely miss the blink frog.
The blink frog is moderately wounded.
Your surroundings suddenly seem different. 9 yaks and a seven-headed hydra come into view.
Found 24 gold pieces.
Found a stone staircase leading down.
The yak bellows! x9; The seven-headed hydra roars!
You hear a bellow!
The yak gores you! The yak barely misses you.
Enter note:
11261 ||| READING scroll of teleportation.
As you read the scroll of teleportation, it crumbles to dust.
You feel strangely unstable.
A yak comes into view.
The yak gores you but does no damage.
11262 ||| SWAPPING to +0 heavy flail.
j - a +0 heavy flail (weapon)
The yak snorts and paws the ground.
The yak gores you but does no damage. The yak gores you.
You bludgeon the seven-headed hydra!!
The seven-headed hydra is moderately wounded.
The seven-headed hydra bites you but does no damage.
The seven-headed hydra completely misses you.
The seven-headed hydra bites you but does no damage.
The seven-headed hydra barely misses you. x2
The seven-headed hydra bites you!
You die... ##. # PP.

.. P.
.#.##.#
....... ##
.......
##..+
......Y+YYY#
...Y.YD@#
.....YY##
.......
....Y..
...Y...
.......
##..#.#
#####


You could see a seven-headed hydra and 10 yaks.

Vanquished Creatures
  A bog body (Lair:3)
  10 cane toads
  2 komodo dragons
  A polar bear (Lair:3)
  A meliai (Lair:3)
  Prince Ribbit (D:5)
  9 blink frogs
  Sigmund (D:4)
  4 basilisks
  4 wyverns
  29 yaks
  Menkaure (D:4)
  2 steam dragons (D:7)
  11 water moccasins
  3 black bears
  8 ice beasts
  An ogre (D:7)
  11 wolves
  3 centaurs
  2 phantoms
  12 bullfrogs
  3 scorpions
  13 killer bees
  2 howler monkeys (D:5)
  4 hounds
  An orc priest (D:7)
  2 jellies
  3 iguanas
  An orc wizard (D:7)
  Natasha (D:2)
  13 adders
  2 white imps
  An ufetubus (D:3)
  2 worms (D:2)
  15 orcs
  8 bats
  4 endoplasms
  3 giant cockroaches (D:1)
  10 goblins
  13 hobgoblins
  6 jackals
  6 quokkas
  8 ball pythons
  3 frilled lizards
  10 kobolds
  3 rats (D:3)
254 creatures vanquished.

Notes
Turn   | Place    | Note
-------+----------+-------------------------------------------
     0 | D:1      | qw the Gargoyle Fighter began the quest for the Orb.
     0 | D:1      | Reached XP level 1. HP: 14/14 MP: 1/1
     0 | D:1      | 0 ||| qw: Version: 0.2-a-29-gc1b59c4
     0 | D:1      | 0 ||| qw: Game counter: 4498
     0 | D:1      | 0 ||| qw: Always use a shield: true
     0 | D:1      | 0 ||| qw: God list: Okawaru
     0 | D:1      | 0 ||| qw: Allow faded altars: false
     0 | D:1      | 0 ||| qw: Do Orc after D:15 true
     0 | D:1      | 0 ||| qw: Do second Lair branch before Depths: true
     0 | D:1      | 0 ||| qw: Lair rune preference: random
     0 | D:1      | 0 ||| qw: Plans: Normal, Zot:1-4, Slime:5, God:TSO, Crypt,
                  | Tomb, Abyss, Pan, Hells, Win
     0 | D:1      | 0 ||| PLANNING D:1-11
    95 | D:1      | Reached skill level 2 in Axes
   104 | D:1      | Reached XP level 2. HP: 19/19 MP: 2/2
   414 | D:1      | 414 ||| DROPPING +0 club.
   626 | D:1      | 626 ||| UPGRADING to amulet of guardian spirit.
   631 | D:1      | 631 ||| READING scroll labelled PIAMEOSAASH.
   681 | D:2      | Reached skill level 3 in Axes
   860 | D:2      | Found an ancient bone altar of Kikubaaqudgha.
   889 | D:2      | Reached XP level 3. HP: 23/23 MP: 3/3
  1050 | D:2      | Noticed Natasha
  1051 | D:2      | 1051 ||| Stepping ~*~*~tactically~*~*~ (hiding).
  1057 | D:2      | Killed Natasha
  1058 | D:2      | Reached skill level 4 in Axes
  1058 | D:2      | Reached XP level 4. HP: 27/28 MP: 4/4
  1168 | D:2      | 1168 ||| Stepping ~*~*~tactically~*~*~ (hiding).
  1212 | D:2      | 1212 ||| Stepping ~*~*~tactically~*~*~ (stealth).
  1643 | D:2      | 1643 ||| READING scroll labelled PEONTE JUSOTU.
  1644 | D:2      | 1644 ||| READING scroll labelled GICUXZ XIUH.
  1645 | D:2      | 1645 ||| DRINKING 2 inky potions.
  1709 | D:3      | 1709 ||| Stepping ~*~*~tactically~*~*~ (hiding).
  1710 | D:3      | 1710 ||| Stepping ~*~*~tactically~*~*~ (hiding).
  1718 | D:3      | Reached XP level 5. HP: 32/32 MP: 5/5
  2064 | D:3      | 2064 ||| DROPPING +0 mace.
  2123 | D:3      | Found a runed translucent door.
  2124 | D:3      | Noticed Crazy Yiuf
  2330 | D:3      | Found a bloodstained altar of Trog.
  2500 | D:3      | 2500 ||| Stepping ~*~*~tactically~*~*~ (stealth).
  2594 | D:3      | 2594 ||| DRINKING 2 metallic white potions.
  2646 | D:4      | Noticed a phantom
  2671 | D:4      | Killed a phantom
  2672 | D:4      | Reached skill level 5 in Axes
  2672 | D:4      | Reached XP level 6. HP: 28/37 MP: 4/6
  2770 | D:4      | Noticed Sigmund
  2771 | D:4      | Noticed Menkaure
  2777 | D:4      | Killed Sigmund
  2780 | D:4      | HP: 10/40 [Menkaure/nerve-wracking pain (5)]
  2781 | D:4      | 2781 ||| DRINKING potion of heal wounds.
  2783 | D:4      | Noticed an ice beast
  2785 | D:4      | HP: 9/40 [Menkaure (5)]
  2787 | D:4      | Killed Menkaure
  2788 | D:4      | Reached XP level 7. HP: 9/44 MP: 1/7
  2943 | D:4      | 2943 ||| Stepping ~*~*~tactically~*~*~ (hiding).
  2951 | D:4      | 2951 ||| Stepping ~*~*~tactically~*~*~ (stealth).
  3027 | D:4      | 3027 ||| Stepping ~*~*~tactically~*~*~ (stealth).
  3108 | D:4      | Reached skill level 6 in Axes
  3218 | D:4      | 3218 ||| UPGRADING to +0 helmet.
  3223 | D:4      | 3223 ||| READING scroll labelled XOGGAKHA GIGY.
  3224 | D:4      | 3224 ||| READING 3 scrolls labelled DEQIET ISAV.
  3228 | D:4      | 3228 ||| READING scroll labelled ISICZINOKU.
  3229 | D:4      | 3229 ||| READING scroll labelled ZAEKHL TOOW.
  3230 | D:4      | 3230 ||| READING scroll labelled HIR BIASAN.
  3234 | D:5      | Entered Level 5 of the Dungeon
  3264 | D:5      | 3264 ||| Stepping ~*~*~tactically~*~*~ (stealth).
  3328 | D:5      | 3328 ||| Stepping ~*~*~tactically~*~*~ (stealth).
  3336 | D:5      | 3336 ||| Stepping ~*~*~tactically~*~*~ (stealth).
  3358 | D:5      | 3358 ||| Stepping ~*~*~tactically~*~*~ (stealth).
  3500 | D:5      | Noticed Prince Ribbit
  3528 | D:5      | Killed Prince Ribbit
  3529 | D:5      | Reached skill level 7 in Axes
  3529 | D:5      | Reached XP level 8. HP: 46/49 MP: 8/8
  3554 | D:5      | 3554 ||| Stepping ~*~*~tactically~*~*~ (stealth).
  3573 | D:5      | Found an ornate altar of the Wu Jian Council.
  3688 | D:5      | 3688 ||| Stepping ~*~*~tactically~*~*~ (stealth).
  3730 | D:5      | Reached skill level 8 in Axes
  3954 | D:5      | Reached skill level 6 in Fighting
  4034 | D:5      | 4034 ||| UPGRADING to +0 chain mail.
  4044 | D:5      | 4044 ||| DROPPING +0 scale mail.
  4045 | D:5      | 4045 ||| DROPPING +3 ring mail.
  4046 | D:5      | 4046 ||| DROPPING ring of wizardry.
  4047 | D:5      | 4047 ||| READING 2 scrolls of identify.
  4047 | D:5      | 4047 ||| IDENTIFYING purple potion
  4048 | D:5      | 4048 ||| DROPPING potion of enlightenment.
  4059 | D:6      | Noticed qw's ghost (novice NaHu)
  4060 | D:6      | Found a transporter.
  4060 | D:6      | Identified the +9 great mace "Spider's Curse" {flame,
                  | Int+4}
  4065 | D:6      | 4065 ||| FLEEEEING.
  4066 | D:6      | 4066 ||| FLEEEEING.
  4067 | D:6      | 4067 ||| FLEEEEING.
  4069 | D:6      | 4069 ||| FLEEEEING.
  4070 | D:6      | 4070 ||| STAIRDANCE
  4460 | D:6      | Found Jaonwaa's Evil Emporium.
  4473 | D:6      | 4473 ||| BUYING +1 war axe of draining (186 gold).
  4473 | D:6      | Bought a +1 war axe of draining for 186 gold pieces
  4473 | D:6      | 4473 ||| SHOPLISTING +2 vampiric mace (294 gold, have 115).
  4473 | D:6      | 4473 ||| SWAPPING to +1 war axe of draining.
  4547 | D:6      | Reached XP level 9. HP: 54/55 MP: 7/9
  4759 | D:6      | Reached skill level 9 in Axes
  4789 | D:6      | 4789 ||| UPGRADING to +0 cloak.
  4794 | D:6      | 4794 ||| DROPPING ring of magical power.
  4795 | D:6      | 4795 ||| DRINKING 2 fuming red potions.
  4795 | D:6      | Gained mutation: Your body sometimes deteriorates upon
                  | taking damage. [potion of mutation]
  4795 | D:6      | Gained mutation: You are frail. (-10% HP) [potion of
                  | mutation]
  4795 | D:6      | Lost mutation: You are frail. (-10% HP) [potion of
                  | mutation]
  4852 | D:7      | Found a staircase to the Ecumenical Temple.
  4853 | D:7      | 4853 ||| PLANNING TEMPLE
  4927 | Temple   | Entered the Ecumenical Temple
  4937 | Temple   | 4937 ||| PLANNING OKAWARU WORSHIP
  5035 | Temple   | Became a worshipper of Warmaster Okawaru
  5035 | Temple   | 5035 ||| PLANNING D:1-11
  5036 | Temple   | 5036 ||| REMOVING amulet of guardian spirit.
  5137 | D:7      | 5137 ||| Stepping ~*~*~tactically~*~*~ (cloud).
  5517 | D:7      | Reached * piety under Okawaru
  5531 | D:7      | Reached skill level 1 in Invocations
  5541 | D:7      | 5541 ||| Stepping ~*~*~tactically~*~*~ (stealth).
  5544 | D:7      | 5544 ||| INVOKING Heroism.
  5647 | D:7      | 5647 ||| READING scroll of enchant weapon.
  5647 | D:7      | 5647 ||| ENCHANTING +1 war axe of draining.
  6002 | D:7      | 6002 ||| Stepping ~*~*~tactically~*~*~ (hiding).
  6003 | D:7      | 6003 ||| Stepping ~*~*~tactically~*~*~ (hiding).
  6051 | D:7      | 6051 ||| READING scroll labelled IPNEV ZEULOJEW.
  6092 | D:7      | 6092 ||| READING scroll labelled POLLIQ LENEVA.
  6093 | D:7      | 6093 ||| DRINKING 2 orange potions.
  6094 | D:7      | 6094 ||| DRINKING 2 emerald potions.
  6184 | D:8      | Reached skill level 3 in Invocations
  6195 | D:8      | Found a staircase to the Lair.
  6212 | D:8      | Found a flagged portal.
  6658 | D:8      | 6658 ||| INVOKING Heroism.
  6691 | D:8      | Reached XP level 10. HP: 63/63 MP: 11/13
  6692 | D:8      | 6692 ||| Stepping ~*~*~tactically~*~*~ (stealth).
  6706 | D:8      | Reached skill level 10 in Axes
  6713 | D:8      | 6713 ||| DRINKING 2 fuming sapphire potions.
  6714 | D:8      | 6714 ||| READING 2 scrolls of identify.
  6714 | D:8      | 6714 ||| IDENTIFYING fizzy pink potion
  6801 | D:8      | 6801 ||| Stepping ~*~*~tactically~*~*~ (stealth).
  6808 | D:8      | 6808 ||| Stepping ~*~*~tactically~*~*~ (stealth).
  6914 | D:8      | 6914 ||| Stepping ~*~*~tactically~*~*~ (stealth).
  7006 | D:8      | 7006 ||| INVOKING Heroism.
  7103 | D:8      | 7103 ||| PLANNING LAIR
  7103 | D:8      | 7103 ||| READING scroll labelled ALAICH FOEDDY.
  7133 | Lair:1   | Entered Level 1 of the Lair of Beasts
  7133 | Lair:1   | Noticed a cane toad
  7134 | Lair:1   | 7134 ||| INVOKING Heroism.
  7142 | Lair:1   | Killed a cane toad
  7142 | Lair:1   | Reached ** piety under Okawaru
  7172 | Lair:1   | 7172 ||| DROPPING +0 flail.
  7194 | Lair:1   | Noticed a cane toad
  7195 | Lair:1   | 7195 ||| INVOKING Heroism.
  7201 | Lair:1   | Killed a cane toad
  7202 | Lair:1   | Reached skill level 11 in Axes
  7235 | Lair:1   | 7235 ||| INVOKING Heroism.
  7250 | Lair:1   | Reached skill level 6 in Armour
  7295 | Lair:1   | 7295 ||| Stepping ~*~*~tactically~*~*~ (stealth).
  7297 | Lair:1   | 7297 ||| Stepping ~*~*~tactically~*~*~ (stealth).
  7298 | Lair:1   | 7298 ||| Stepping ~*~*~tactically~*~*~ (stealth).
  7406 | Lair:1   | Noticed a cane toad
  7407 | Lair:1   | 7407 ||| INVOKING Heroism.
  7413 | Lair:1   | Killed a cane toad
  7456 | Lair:1   | 7456 ||| Stepping ~*~*~tactically~*~*~ (hiding).
  7468 | Lair:1   | Reached *** piety under Okawaru
  7509 | Lair:1   | Reached skill level 9 in Fighting
  7581 | Lair:1   | Noticed a cane toad
  7582 | Lair:1   | 7582 ||| INVOKING Heroism.
  7593 | Lair:1   | Killed a cane toad
  7594 | Lair:1   | Reached XP level 11. HP: 53/71 MP: 12/14
  7667 | Lair:1   | 7667 ||| Stepping ~*~*~tactically~*~*~ (stealth).
  7668 | Lair:1   | 7668 ||| INVOKING Heroism.
  7698 | Lair:1   | 7698 ||| INVOKING Heroism.
  7713 | Lair:1   | HP: 17/71 [blink frog (8)]
  7714 | Lair:1   | 7714 ||| READING 4 scrolls of teleportation.
  7914 | Lair:1   | 7914 ||| INVOKING Heroism.
  7920 | Lair:1   | Reached skill level 12 in Axes
  8303 | Lair:1   | 8303 ||| UPGRADING to +0 plate armour.
  8313 | Lair:1   | 8313 ||| DROPPING +0 chain mail.
  8314 | Lair:1   | 8314 ||| READING scroll labelled KYITEUG QOLA.
  8315 | Lair:1   | 8315 ||| DROPPING +1 war axe.
  8316 | Lair:1   | 8316 ||| READING scroll labelled LEUQOEFRYR.
  8417 | Lair:1   | 8417 ||| DRINKING 2 glowing black potions.
  8480 | Lair:2   | 8480 ||| INVOKING Heroism.
  8647 | Lair:2   | Identified the +2 rapier of the Thing {heavy, rElec}
  8711 | Lair:2   | 8711 ||| INVOKING Heroism.
  8728 | Lair:2   | 8728 ||| INVOKING Heroism.
  8884 | Lair:2   | 8884 ||| Stepping ~*~*~tactically~*~*~ (stealth).
  9074 | Lair:2   | 9074 ||| INVOKING Heroism.
  9079 | Lair:2   | Reached skill level 6 in Shields
  9080 | Lair:2   | Reached **** piety under Okawaru
  9171 | Lair:2   | 9171 ||| Stepping ~*~*~tactically~*~*~ (stealth).
  9172 | Lair:2   | 9172 ||| Stepping ~*~*~tactically~*~*~ (stealth).
  9416 | Lair:2   | 9416 ||| INVOKING Heroism.
  9793 | Lair:2   | 9793 ||| UPGRADING to ring of protection from cold.
  9794 | Lair:2   | 9794 ||| DRINKING 2 blue potions.
  9795 | Lair:2   | 9795 ||| DROPPING potion of brilliance.
  9821 | Lair:3   | 9821 ||| INVOKING Heroism.
  9828 | Lair:3   | Reached skill level 9 in Armour
  9828 | Lair:3   | 9828 ||| Stepping ~*~*~tactically~*~*~ (stealth).
 10052 | Lair:3   | 10052 ||| INVOKING Heroism.
 10060 | Lair:3   | Reached skill level 6 in Invocations
 10073 | Lair:3   | Reached XP level 12. HP: 31/77 MP: 16/16
 10074 | Lair:3   | 10074 ||| INVOKING Heroism.
 10084 | Lair:3   | Found a hole to the Spider Nest.
 10260 | Lair:3   | 10260 ||| INVOKING Heroism.
 10358 | Lair:3   | Found a staircase to the Swamp.
 10361 | Lair:3   | 10361 ||| Stepping ~*~*~tactically~*~*~ (stealth).
 10364 | Lair:3   | 10364 ||| Stepping ~*~*~tactically~*~*~ (stealth).
 10365 | Lair:3   | 10365 ||| Stepping ~*~*~tactically~*~*~ (stealth).
 10373 | Lair:3   | 10373 ||| INVOKING Heroism.
 10377 | Lair:3   | HP: 19/77 [yak (5)]
 10378 | Lair:3   | 10378 ||| READING 3 scrolls of teleportation.
 10749 | Lair:3   | 10749 ||| Stepping ~*~*~tactically~*~*~ (stealth).
 10752 | Lair:3   | 10752 ||| Stepping ~*~*~tactically~*~*~ (stealth).
 10753 | Lair:3   | 10753 ||| Stepping ~*~*~tactically~*~*~ (stealth).
 10943 | Lair:3   | Reached ***** piety under Okawaru
 11048 | Lair:3   | 11048 ||| READING 2 scrolls of identify.
 11048 | Lair:3   | 11048 ||| IDENTIFYING bubbling dark potion
 11049 | Lair:3   | 11049 ||| DROPPING potion of degeneration.
 11103 | Lair:4   | 11103 ||| Stepping ~*~*~tactically~*~*~ (stealth).
 11224 | Lair:4   | 11224 ||| INVOKING Heroism.
 11245 | Lair:4   | 11245 ||| INVOKING Heroism.
 11257 | Lair:4   | HP: 18/77 [blink frog (5)]
 11258 | Lair:4   | 11258 ||| READING 2 scrolls of teleportation.
 11259 | Lair:4   | 11259 ||| INVOKING Heroism.
 11260 | Lair:4   | Noticed a seven-headed hydra
 11261 | Lair:4   | 11261 ||| READING scroll of teleportation.
 11262 | Lair:4   | 11262 ||| SWAPPING to +0 heavy flail.
 11262 | Lair:4   | HP: 7/77 [yak (3)]
 11263 | Lair:4   | Slain by a seven-headed hydra

Levels and vault maps discovered:
D:1:      dpeg_arrival_three_same_balls, layout_basic
D:2:      layout_loops_corners, basic_altar, uniq_natasha
D:3:      layout_loops_ring, nicolae_overflow_crystal_walls,
          nrook_loot_triangle, uniq_crazy_yiuf_cottage
D:4:      cheibrodos_greedy_goblins, layout_rooms, uniq_sigmund, uniq_menkaure
D:5:      layout_loops_cross, mainiacjoe_overflow_catwalk, minmay_starry_boxes,
          uniq_prince_ribbit1
D:6:      layout_loops_ring, gammafunk_ghost_smash, nicolae_evil_shop
D:7:      layout_cave_pods, minmay_temple_entry_tees, kennysheep_flooded_box,
          st_stairs_12
D:8:      layout_loops_corners, dpeg_oklobed_lair, enter_bailey_8
Temple:   mainiacjoe_temple_coin_purse
Lair:1:   layout_roguey, grunt_megastairs_5
Lair:2:   layout_long_grid
Lair:3:   layout_cave_pods, skrybe_swamp_entry_bodies,
          hellmonk_spider_entry_not_the_bees
Lair:4:   layout_roguey, minmay_slime_entry_jelly_boxes

Skill      XL: |  1  2  3  4  5  6  7  8  9 10 11 12 |
---------------+-------------------------------------+-----
Axes           | 2 3 4 5 7 8 9 11 12 | 12.6
Fighting       | 5 6 7 9 10 | 10.1
Dodging        | 2 |  2.0
Armour         | 4 5 6 9 |  9.0
Shields        | 4 5 6 |  6.1
Invocations    | 4 6 8 |  8.6

Action                     |  1- 3 |  4- 6 |  7- 9 | 10-12 || total
---------------------------+-------+-------+-------+-------++-------
  Melee: War axe           |    88 |   162 |   276 |   363 ||   889
         Flail             |       |       |       |     1 ||     1
 Invoke: Heroism           |       |       |     2 |    22 ||    24
    Use: Scroll            |     1 |     2 |     9 |     9 ||    21
         Potion            |       |     3 |     3 |     3 ||     9
 Armour: Scale mail        |    53 |    96 |    80 |       ||   229
         Chain mail        |       |       |    96 |    78 ||   174
         Plate armour      |       |       |       |   196 ||   196
  Dodge: Dodged            |    47 |    90 |    96 |   170 ||   403
  Block: Buckler           |    23 |    33 |    49 |   113 ||   218

Table legend:
 A = Non-vault XP
 B = Vault XP
 C = Vault XP percentage of total XP
 D = Non-vault monster count
 E = Vault monster count
 F = Vault count percentage of total count
                 A         B        C        D         E       F
            +---------+---------+-------+---------+---------+-------
      Total |   22301 |    2832 |  11.3 |     230 |      24 |   9.4
            +---------+---------+-------+---------+---------+-------
        D:1 |      29 |       0 |   0.0 |      18 |       0 |   0.0
        D:2 |      85 |      35 |  29.2 |      26 |       1 |   3.7
        D:3 |      76 |       0 |   0.0 |      21 |       0 |   0.0
        D:4 |     228 |     419 |  64.8 |      18 |      10 |  35.7
        D:5 |     653 |     493 |  43.0 |      13 |       4 |  23.5
        D:6 |     477 |       0 |   0.0 |      10 |       0 |   0.0
        D:7 |    1592 |     112 |   6.6 |      23 |       1 |   4.2
        D:8 |    1220 |       0 |   0.0 |      15 |       0 |   0.0
     Lair:1 |    4474 |     540 |  10.8 |      18 |       2 |  10.0
     Lair:2 |    5500 |       0 |   0.0 |      30 |       0 |   0.0
     Lair:3 |    5335 |    1233 |  18.8 |      25 |       6 |  19.4
     Lair:4 |    2632 |       0 |   0.0 |      13 |       0 |   0.0
            +---------+---------+-------+---------+---------+-------
